 Dungeon Crawl Stone Soup version 0.26.0-45-g9c1d065592 (webtiles) character file.

Game seed: 5050897027237931231

44 lawman0 the Ruffian (level 3, -1/37 HPs)
             Began as a Troll Delver on Jan 30, 2021.
             Was an Initiate of Wu Jian.
             Slain by a sky beast (6 damage)
             ... on level 5 of the Dungeon.
             The game lasted 00:01:16 (308 turns).

lawman0 the Ruffian (Troll Delver)                   Turns: 308, Time: 00:01:17

Health: -1/37      AC:  6    Str: 21    XL:     3   Next: 39%
Magic:  2/2        EV: 10    Int:  6    God:    Wu Jian [......]
Gold:   25         SH:  0    Dex: 11    Spells: 2/2 levels left

rFire    . . .     SeeInvis .     - Unarmed
rCold    . . .     Faith    .   (no shield)
rNeg     . . .     Spirit   .   a - +0 robe
rPois    .         Reflect  .   (helmet restricted)
rElec    .         Harm     .   (no cloak)
rCorr    .         Rampage  .   (gloves unavailable)
Will     .....                  (boots unavailable)
Stlth    ++........             (no amulet)
HPRegen  0.52/turn              (no ring)
MPRegen  0.08/turn              (no ring)

@: no status effects
A: large, unfitting armour, claws 3, regeneration 1, shaggy fur 1, tough skin 3
a: Renounce Religion


You were on level 5 of the Dungeon.
You worshipped Wu Jian.
Wu Jian was noncommittal.
You visited 2 branches of the dungeon, and saw 2 of its levels.

You collected 25 gold pieces.

Inventory:

Armour
 a - a +0 robe (worn)
Wands
 f - a wand of digging (3)
Scrolls
 b - a scroll of fog
 c - a scroll of magic mapping
 d - a scroll of fear
 g - a scroll of identify {unknown}
Potions
 e - 2 potions of haste


   Skills:
 + Level 3.0 Fighting
 + Level 1.8 Dodging
 - Level 2.7 Stealth
 * Level 3.0 Unarmed Combat


You had 2 spell levels left.
You didn't know any spells.
Your spell library was empty.

Dungeon Overview and Level Annotations

Branches:
Dungeon (5/15)             Temple (1/1) D:5

Altars:
Cheibriados
Dithmenos
Elyvilon
Fedhas
Kikubaaqudgha
Makhleb
Nemelex Xobeh
Okawaru
Ru
Sif Muna
Trog
Uskayaw
Vehumet
Wu Jian
Yredelemnul


Innate Abilities, Weirdness & Mutations

You are too large for most types of armour.
You have claws for hands.
Your natural rate of healing is unusually fast.
You are covered in fur. (AC +1)
You have extremely tough skin. (AC +3)


Message History

A sky beast comes into view.
You barely miss the sky beast.
The sky beast hits you but does no damage.
You miss the sky beast.
The gnoll hits you from afar with a +0 spear.
The sky beast closely misses you.
You completely miss the sky beast. The gnoll closely misses you.
The sky beast hits you. The sky beast shocks you.
You completely miss the sky beast. The gnoll barely misses you.
The sky beast hits you. The sky beast shocks you.
You scratch the sky beast but do no damage.
The gnoll closely misses you. The sky beast hits you. The sky beast shocks you.
You scratch the sky beast.
The sky beast is lightly wounded.
The gnoll hits you from afar with a +0 spear.
* * * LOW HITPOINT WARNING * * *
The sky beast hits you.
* * * LOW HITPOINT WARNING * * *
The sky beast shocks you.
You die...

## ######## ..
........ ##.
#.##.#.#
.##...##.##.#.#
..O......##.#.#
?##..###O##.#.# #
###g##.#.#########
#.................
#@####.##########.
#Y# #.# #. #.# #.#
#. #.# #.# #. ...
..# ####. ..# ###
#.... ..# #.##.
...# #.##. #.##.


You could see a sky beast, an ogre and a gnoll.

Vanquished Creatures
  A hound (D:5)
  An adder (D:5)
  An ooze (D:5)
3 creatures vanquished.

Notes
Turn   | Place    | Note
-------+----------+-------------------------------------------
     0 | D:5      | lawman0 the Troll Delver began the quest for the Orb.
     0 | D:5      | Reached XP level 1. HP: 22/22 MP: 0/0
    43 | D:5      | Noticed a hound
    49 | D:5      | Killed a hound
    50 | D:5      | Reached XP level 2. HP: 29/29 MP: 1/1
    50 | D:5      | Reached XP level 3. HP: 36/36 MP: 2/2
    62 | D:5      | Found a staircase to the Ecumenical Temple.
    68 | Temple   | Entered the Ecumenical Temple
   153 | Temple   | Became a worshipper of the Wu Jian Council
   295 | D:5      | Noticed an ogre
   300 | D:5      | Noticed a sky beast
   308 | D:5      | Slain by a sky beast

Illustrated notes

Levels and vault maps discovered:
D:5:      layout_loops_ring, temple_green
Temple:   regret_index_temple_waves

Skill      XL: |  1  2  3 |
---------------+----------+-----
Fighting       | 3 |  3.0
Unarmed Combat | 3 |  3.0
Dodging        | |  1.8
Stealth        | |  2.7

Action                   || total
-------------------------++-------
Melee: Unarmed           ||    21
Armor: Robe              ||     3
Dodge: Dodged            ||    14
